[Event "December 12 Late 2023"]
[Site "https://www.chess.com"]
[Date "2023.12.12"]
[Round "7"]
[White "Postny, Evgeny"]
[Black "Yoo, Christopher Woojin"]
[Result "1/2-1/2"]
[Board "15"]
[TimeControl "180+1"]
[WhiteFideId "2804344"]
[BlackFideId "30909694"]
[WhiteElo "2767"]
[BlackElo "3005"]
[WhiteTeam "ISR"]
[BlackTeam "USA"]
[WhiteClock "0:00:06"]
[BlackClock "0:00:05"]

1. e4 e5 2. Nf3 Nc6 3. Bb5 a6 4. Ba4 Nf6 5. O-O Bc5 6. c3 b5 7. Bc2 d5 8. d4 dxe4 9. dxc5 Qxd1 10. Bxd1 exf3 11. Bxf3 e4 12. Be2 Be6 13. Bg5 Nd5 14. Nd2 f5 15. Nb3 f4 16. f3 e3 17. g3 O-O 18. Rad1 Rae8 19. Nd4 Nxd4 20. Rxd4 fxg3 21. hxg3 h6 22. Bf4 Nxf4 23. gxf4 h5 24. Rfd1 h4 25. Kh2 h3 26. Re4 Bf5 27. Re5 g6 28. b4 Kg7 29. Re1 Rxe5 30. fxe5 Rd8 31. Kg3 Rd2 32. Kf4 h2 33. Kxe3 Rxa2 34. Rh1 Rc2 35. Rxh2 Rxc3+ 36. Kd2 Rc2+ 37. Ke3 a5 38. bxa5 b4 39. Rh4 b3 40. Rb4 Rxc5 41. f4 Rxa5 42. Rxb3 Ra4 43. Rb7 Ra3+ 44. Kd2 Ra2+ 45. Ke3 Rc2 46. Bd1 Rc1 47. Kd2 Rc4 48. Be2 Rxf4 49. Rxc7+ Kh6 50. Rc5 Kg5 51. Ke3 Re4+ 52. Kf2 Ra4 53. Rc4 Ra2 54. Rc3 Rb2 55. Re3 Kf4 56. Rf3+ Kxe5 57. Re3+ Kf6 58. Kg3 Kg5 59. Bf3 Rb1 60. Rc3 Rg1+ 61. Kf2 Ra1 62. Kg3 Ra2 63. Re3 Kf6 64. Rc3 Ra6 65. Rc6+ Rxc6 66. Bxc6 Ke5 67. Bf3 g5 68. Bh5 Be4 69. Kg4 Kf6 70. Kg3 Bd3 71. Bd1 Ke5 72. Bg4 Kd4 73. Bh5 Bf5 74. Bg4 Bg6 75. Bd1 Ke5 76. Be2 Bf5 77. Bd1 Be6 78. Be2 Bb3 79. Bg4 Bc2 80. Bf3 Bd3 81. Bg4 Bc2 82. Be2 Ba4 83. Bg4 Bb5 84. Bf3 Bd3 85. Bg4 1/2-1/2

[Event "December 12 Late 2023"]
[Site "https://www.chess.com"]
[Date "2023.12.12"]
[Round "7"]
[White "Makarian, Rudik"]
[Black "Wieczorek, Oskar"]
[Result "1-0"]
[Board "16"]
[TimeControl "180+1"]
[WhiteFideId "44105681"]
[BlackFideId "1133950"]
[WhiteElo "2932"]
[BlackElo "2775"]
[WhiteTeam "FID"]
[BlackTeam "POL"]
[WhiteClock "0:01:31"]
[BlackClock "0:00:06"]

1. d4 Nf6 2. c4 c5 3. Nf3 cxd4 4. Nxd4 Nc6 5. Nc3 g6 6. g3 d6 7. Bg2 Bd7 8. O-O Bg7 9. b3 h5 10. h3 Qc8 11. h4 Ng4 12. e3 O-O 13. Bb2 a6 14. Nd5 Qd8 15. Qd2 Rb8 16. Rad1 Nce5 17. Nf3 Bc6 18. Nxe5 Nxe5 19. Qc1 Bxd5 20. Rxd5 Qc8 21. c5 Qg4 22. cxd6 exd6 23. Rxd6 Rbe8 24. Qd1 Re7 25. Ba3 Rfe8 26. Rd4 Qe6 27. Bxe7 Qxe7 1-0

[Event "December 12 Late 2023"]
[Site "https://www.chess.com"]
[Date "2023.12.12"]
[Round "7"]
[White "Zou, Chen"]
[Black "Sjugirov, Sanan"]
[Result "0-1"]
[Board "17"]
[TimeControl "180+1"]
[WhiteFideId "8610959"]
[BlackFideId "4189302"]
[WhiteElo "2760"]
[BlackElo "2916"]
[WhiteTeam "CHN"]
[BlackTeam "HUN"]
[WhiteClock "0:00:05"]
[BlackClock "0:00:36"]

1. Nf3 Nf6 2. c4 e6 3. e3 d5 4. d4 a6 5. Nc3 Nbd7 6. b3 b6 7. Bb2 Bb7 8. Be2 Bd6 9. O-O O-O 10. Qc2 Qe7 11. Rac1 dxc4 12. Bxc4 b5 13. Be2 c5 14. dxc5 Nxc5 15. b4 Ncd7 16. a3 Rac8 17. Qb1 Nb6 18. Na2 Nc4 19. h3 Bxf3 20. Bxc4 bxc4 21. gxf3 a5 22. Bxf6 Qxf6 23. f4 axb4 24. axb4 e5 25. f5 Qg5+ 26. Kh1 Qh5 27. Kg2 Qg5+ 28. Kh1 Qh4 29. Kg2 e4 30. Nc3 Rfe8 31. Rh1 Qg5+ 32. Kf1 Qxf5 33. Qc2 Bxb4 34. Ne2 c3 35. Qa4 Rb8 36. Nxc3 Bxc3 37. Rxc3 Rb1+ 38. Ke2 Qf3+ 39. Kd2 Rd8+ 40. Kc2 Rxh1 41. Qa5 Qd1+ 42. Kb2 Qb1+ 43. Ka3 Qa1+ 44. Kb4 Rb1+ 45. Kc4 Qxa5 0-1

[Event "December 12 Late 2023"]
[Site "https://www.chess.com"]
[Date "2023.12.12"]
[Round "7"]
[White "Tari, Aryan"]
[Black "Shuvalova, Polina"]
[Result "1-0"]
[Board "18"]
[TimeControl "180+1"]
[WhiteFideId "1510045"]
[BlackFideId "24171760"]
[WhiteElo "2867"]
[BlackElo "2746"]
[WhiteTeam "NOR"]
[BlackTeam "RUS"]
[WhiteClock "0:00:20"]
[BlackClock "0:00:00"]

1. a3 a6 2. e4 c6 3. Nf3 d5 4. Nc3 Bg4 5. h3 Bxf3 6. Qxf3 e6 7. d4 Nf6 8. Be3 Be7 9. g4 dxe4 10. Nxe4 Nxe4 11. Qxe4 Nd7 12. Bg2 h5 13. O-O-O Qa5 14. Qf3 Bg5 15. Kb1 Bxe3 16. fxe3 Qg5 17. Qg3 O-O-O 18. e4 hxg4 19. hxg4 Nf6 20. Rxh8 Rxh8 21. Bf3 Qe3 22. Rd3 Qg5 23. Ka2 Rd8 24. Qh3 Qf4 25. e5 Nd5 26. Bxd5 cxd5 27. c3 Qg5 28. Rf3 Rd7 29. Qh8+ Kc7 30. Qf8 Qxg4 31. Rxf7 Rxf7 32. Qxf7+ Kc8 33. Qe8+ Kc7 34. a4 g5 35. a5 Qf5 36. Kb3 g4 37. Kb4 g3 38. Kc5 g2 39. Qe7+ Kb8 40. Kb6 1-0

[Event "December 12 Late 2023"]
[Site "https://www.chess.com"]
[Date "2023.12.12"]
[Round "7"]
[White "Timmermans, Mark"]
[Black "Zwirs, Nico"]
[Result "1-0"]
[Board "19"]
[TimeControl "180+1"]
[WhiteFideId "1026399"]
[BlackFideId "1036432"]
[WhiteElo "2729"]
[BlackElo "2855"]
[WhiteTeam "NED"]
[BlackTeam "NED"]
[WhiteClock "0:00:20"]
[BlackClock "0:00:04"]

1. b4 Nf6 2. Bb2 g6 3. c4 Bg7 4. a4 O-O 5. e3 d6 6. b5 e5 7. Nf3 Re8 8. Be2 a5 9. O-O Nbd7 10. d4 exd4 11. Nxd4 Nc5 12. Nd2 h5 13. N4b3 Ne6 14. Rc1 h4 15. h3 Ng5 16. Re1 Bxh3 17. gxh3 Nxh3+ 18. Kg2 Ng5 19. Rh1 h3+ 20. Kf1 Qd7 21. Nd4 Nfe4 22. Nxe4 Nxe4 23. Bg4 Qe7 24. Rxh3 Qg5 25. Bf3 Nxf2 26. Kxf2 Qxe3+ 27. Kg2 Re5 28. Rg3 Rg5 29. Rxg5 Qxg5+ 30. Kf1 Re8 31. Rc2 Qh4 32. Re2 Be5 33. Bg2 Kg7 34. Nf3 Qxc4 35. Bxe5+ dxe5 36. Qc2 Qf4 37. Qxc7 Qxa4 38. Rxe5 Qa1+ 39. Kf2 Qb2+ 40. Kg3 Rh8 41. Re7 Qf6 42. Qe5 Qxe5+ 43. Rxe5 Kf6 44. Re4 Rc8 45. b6 Rc6 46. Ra4 Rxb6 47. Rxa5 Rb2 48. Ng5 Rb3+ 49. Bf3 b6 50. Ne4+ Ke6 51. Ra6 Rb2 52. Kf4 f6 53. Ra8 g5+ 54. Kg3 f5 55. Nxg5+ Ke5 56. Re8+ Kd4 57. Kf4 b5 58. Rd8+ Kc3 59. Kxf5 b4 60. Ne4+ Kc4 61. Rc8+ Kb5 62. Nd6+ Ka4 63. Bc6+ Kb3 64. Bd5+ Ka4 65. Ra8# 1-0

[Event "December 12 Late 2023"]
[Site "https://www.chess.com"]
[Date "2023.12.12"]
[Round "7"]
[White "Kazakouski, Valery"]
[Black "Bazilius, Augustinas"]
[Result "1-0"]
[Board "20"]
[TimeControl "180+1"]
[WhiteFideId "13507443"]
[BlackFideId "12832251"]
[WhiteElo "2826"]
[BlackElo "2503"]
[WhiteTeam "LTU"]
[BlackTeam "LTU"]
[WhiteClock "0:00:51"]
[BlackClock "0:00:01"]

1. e4 d6 2. d4 Nf6 3. Nc3 e5 4. Nge2 exd4 5. Nxd4 Be7 6. g3 O-O 7. Bg2 Nc6 8. Nde2 Ne5 9. h3 c6 10. O-O a5 11. f4 Ng6 12. Be3 Qc7 13. Nd4 a4 14. Nf5 Rd8 15. Nxe7+ Qxe7 16. Re1 b5 17. a3 Bb7 18. Qd2 Qc7 19. Rad1 Rd7 20. Qf2 Re8 21. g4 h6 22. Bd4 Qd8 23. Rd2 Nh7 24. Red1 c5 25. Bxc5 Bc6 26. Rxd6 Ree7 27. Rxd7 Rxd7 28. Rxd7 Qxd7 29. Be3 Qb7 30. Qd2 Nhf8 31. Nd5 Nh4 32. Bh1 Ne6 33. Bf2 Ng6 34. f5 Bxd5 35. Qxd5 Qxd5 36. exd5 Nef4 37. fxg6 Nxh3+ 38. Kf1 1-0

[Event "December 12 Late 2023"]
[Site "https://www.chess.com"]
[Date "2023.12.12"]
[Round "7"]
[White "Zhigalko, Sergei"]
[Black "Martinez Ramirez, Lennis"]
[Result "1-0"]
[Board "21"]
[TimeControl "180+1"]
[WhiteFideId "13502956"]
[BlackFideId "3509079"]
[WhiteElo "2950"]
[BlackElo "2729"]
[WhiteTeam "BLR"]
[BlackTeam "CUB"]
[WhiteClock "0:00:02"]
[BlackClock "0:00:00"]

1. e4 c5 2. Nf3 Nc6 3. c3 Nf6 4. e5 Nd5 5. Bc4 Nb6 6. Bb3 d5 7. exd6 Qxd6 8. O-O c4 9. Bc2 g6 10. b3 Bg7 11. Na3 cxb3 12. axb3 O-O 13. Nc4 Qc7 14. Nxb6 Qxb6 15. d4 Rd8 16. h3 e5 17. Bg5 f6 18. Be3 Bf5 19. d5 Qc7 20. c4 Bxc2 21. Qxc2 Ne7 22. Qe2 b6 23. Ra6 Rab8 24. Qa2 Rb7 25. b4 Kh8 26. Rd1 Nf5 27. Bc1 e4 28. Nd4 Nxd4 29. Rxd4 f5 30. Rd1 f4 31. Qe2 e3 32. fxe3 f3 33. gxf3 Qg3+ 34. Qg2 Qh4 35. f4 Rc7 36. c5 bxc5 37. d6 Rcc8 38. Rxa7 cxb4 39. Bb2 Bc3 40. d7 Rc5 41. Kh2 Rh5 42. Rd3 Qf6 43. Bxc3 bxc3 44. Rc7 Kg7 45. Rcxc3 Kh6 46. Rc4 Ra8 47. Rcd4 Rd8 48. Rd2 Qh4 49. Rd5 Rxd5 50. Qxd5 Qe1 51. Qg5+ Kg7 52. Qe7+ Kh6 53. Rg2 1-0

[Event "December 12 Late 2023"]
[Site "https://www.chess.com"]
[Date "2023.12.12"]
[Round "7"]
[White "Chigaev, Maksim"]
[Black "Wu, Derek"]
[Result "1-0"]
[Board "22"]
[TimeControl "180+1"]
[WhiteFideId "4108116"]
[BlackFideId "30914558"]
[WhiteElo "2892"]
[BlackElo "2695"]
[WhiteTeam "ESP"]
[BlackTeam "USA"]
[WhiteClock "0:02:11"]
[BlackClock "0:00:57"]

1. d4 e6 2. c4 d5 3. Nf3 a6 4. g4 Nf6 5. g5 Ne4 6. h4 Bb4+ 7. Nbd2 c5 8. dxc5 dxc4 9. Qc2 Nxc5 10. Qxc4 Nc6 11. a3 b5 12. Qc2 Bxd2+ 13. Bxd2 Qd5 14. Rc1 Nd4 15. Qxc5 Nxf3+ 16. exf3 Qxf3 17. Rh3 Qb7 18. Bb4 1-0

[Event "December 12 Late 2023"]
[Site "https://www.chess.com"]
[Date "2023.12.12"]
[Round "7"]
[White "Kovalev, Vladislav"]
[Black "Nasuta, Grzegorz"]
[Result "1-0"]
[Board "23"]
[TimeControl "180+1"]
[WhiteFideId "13504398"]
[BlackFideId "1141686"]
[WhiteElo "2880"]
[BlackElo "2695"]
[WhiteTeam "FID"]
[BlackTeam "POL"]
[WhiteClock "0:00:16"]
[BlackClock "0:00:13"]

1. e4 e5 2. Nf3 Nc6 3. Bb5 a6 4. Ba4 Nf6 5. O-O b5 6. Bb3 Bc5 7. a4 Rb8 8. c3 d6 9. d4 Bb6 10. a5 Ba7 11. h3 Bb7 12. Be3 Nxe4 13. Re1 exd4 14. Bg5 Ne7 15. Nbd2 d5 16. cxd4 c5 17. dxc5 Bxc5 18. Nxe4 dxe4 19. Ne5 Qxd1 20. Bxf7+ Kf8 21. Rexd1 Nc6 22. Nxc6 Bxc6 23. Bb3 h6 24. Rac1 hxg5 25. Rxc5 Rh6 26. Rf5+ Ke8 27. Rxg5 Rb7 28. Kf1 Re7 29. Ke2 Rf6 30. Ke3 g6 31. h4 Kf8 32. h5 1-0

[Event "December 12 Late 2023"]
[Site "https://www.chess.com"]
[Date "2023.12.12"]
[Round "7"]
[White "Popov, Konstantin"]
[Black "Krallis, Christos"]
[Result "1-0"]
[Board "24"]
[TimeControl "180+1"]
[WhiteFideId "34137910"]
[BlackFideId "4298896"]
[WhiteElo "2862"]
[BlackElo "2679"]
[WhiteTeam "FID"]
[BlackTeam "GRE"]
[WhiteClock "0:00:39"]
[BlackClock "0:00:00"]

1. e4 d6 2. d4 Nf6 3. Nc3 g6 4. Nf3 Bg7 5. h3 O-O 6. Bd3 c5 7. dxc5 dxc5 8. O-O Nc6 9. Qe2 Nd7 10. Bf4 Nd4 11. Nxd4 cxd4 12. Nd1 Nc5 13. Bd2 Nxd3 14. cxd3 b6 15. f4 Bb7 16. f5 Rc8 17. Rc1 Rxc1 18. Bxc1 Qd7 19. Nf2 Rc8 20. Ng4 h5 21. Nh6+ Bxh6 22. Bxh6 Qc6 23. Bg5 Qc2 24. Qf3 Qc6 25. Qg3 f6 26. fxg6 Kg7 27. Bf4 Qe8 28. Qh4 Qxg6 29. Rf3 Kf7 30. Rg3 Qh7 31. Rf3 Rg8 32. Qf2 Qg6 33. Rg3 Qh7 34. Qxd4 Rxg3 35. Bxg3 Qh6 36. Qd7 Qe3+ 37. Bf2 Qc1+ 38. Kh2 Qc6 39. Qd4 Qd6+ 40. Qxd6 exd6 41. Kg3 Ba6 42. d4 Bd3 43. Kf4 d5 44. exd5 Bf1 45. g4 hxg4 46. Kxg4 Bg2 47. d6 Ke6 48. Bg3 Be4 49. h4 a5 50. a3 b5 51. h5 b4 52. axb4 axb4 53. h6 Bh7 54. Bf4 Kd7 55. Kf3 Ke6 56. Ke3 Kd7 57. d5 Bg8 58. Kd4 b3 59. Kc4 f5 60. Kxb3 Bxd5+ 61. Kc3 Bg8 62. Kd4 Kc6 63. Ke5 Bh7 64. Kf6 Bg8 65. Kg7 1-0

[Event "December 12 Late 2023"]
[Site "https://www.chess.com"]
[Date "2023.12.12"]
[Round "7"]
[White "Nagare Kaivalya Sandip"]
[Black "Kamsky, Gata"]
[Result "0-1"]
[Board "25"]
[TimeControl "180+1"]
[WhiteFideId "25957929"]
[BlackFideId "2000024"]
[WhiteElo "2677"]
[BlackElo "2858"]
[WhiteTeam "IND"]
[BlackTeam "USA"]
[WhiteClock "0:00:00"]
[BlackClock "0:00:31"]

1. e4 c6 2. d4 d5 3. e5 Bf5 4. h4 h6 5. c4 e6 6. Nc3 Ne7 7. Nge2 Nd7 8. Ng3 Bg6 9. h5 Bh7 10. Bd3 Bxd3 11. Qxd3 dxc4 12. Qxc4 Nb6 13. Qd3 Ned5 14. O-O Be7 15. Nge4 O-O 16. Qg3 Kh8 17. f4 f5 18. Nc5 Nxc3 19. bxc3 Qd5 20. Nxb7 Rab8 21. Nd6 Bxd6 22. exd6 Nc4 23. Qd3 Rfd8 24. Be3 Nxd6 25. a4 Ne4 26. c4 Qd7 27. Rab1 Qf7 28. g4 Nf6 29. gxf5 exf5 30. Qxf5 Qxc4 31. Rbc1 Qxa4 32. Qg6 Re8 33. Rf3 Qb3 34. Rg3 Rb7 35. Bf2 Qf7 36. Rxc6 Nxh5 37. Qxf7 Rxf7 38. Rf3 Nxf4 39. Kh2 Ref8 40. Bg3 Kh7 41. Ra6 Nd5 42. Rxf7 Rxf7 43. Ra5 Rd7 44. Kg2 Kg6 0-1

[Event "December 12 Late 2023"]
[Site "https://www.chess.com"]
[Date "2023.12.12"]
[Round "7"]
[White "Gabuzyan, Hovhannes"]
[Black "Goltsev, Dmitry"]
[Result "1/2-1/2"]
[Board "26"]
[TimeControl "180+1"]
[WhiteFideId "13303732"]
[BlackFideId "24176710"]
[WhiteElo "2839"]
[BlackElo "2669"]
[WhiteTeam "ARM"]
[BlackTeam "RUS"]
[WhiteClock "0:00:06"]
[BlackClock "0:00:05"]

1. e4 e6 2. d4 d5 3. Nc3 c5 4. exd5 exd5 5. Nf3 Nf6 6. Bb5+ Nc6 7. O-O Be7 8. dxc5 Bxc5 9. Re1+ Be6 10. Ng5 O-O 11. Bd3 Bxf2+ 12. Kxf2 Ng4+ 13. Kg3 h5 14. h3 Qd6+ 15. Bf4 h4+ 16. Kxh4 Qxf4 17. Qf3 Qd6 18. hxg4 f6 19. Nxe6 Qh2+ 20. Qh3 g5+ 21. Kh5 Qd6 22. Nxf8 Rxf8 23. Kg6 Ne7+ 24. Rxe7 Qxe7 25. Qh6 Qf7+ 26. Kf5 Qd7+ 27. Kg6 Qf7+ 28. Kf5 Qd7+ 29. Kg6 Qe8+ 30. Kf5 Qe5+ 31. Kg6 Qe8+ 32. Kf5 Qe5+ 33. Kg6 Qe8+ 1/2-1/2

[Event "December 12 Late 2023"]
[Site "https://www.chess.com"]
[Date "2023.12.12"]
[Round "7"]
[White "Karacsonyi, Gellert"]
[Black "Hong, Andrew"]
[Result "0-1"]
[Board "27"]
[TimeControl "180+1"]
[WhiteFideId "764620"]
[BlackFideId "2099438"]
[WhiteElo "2667"]
[BlackElo "2820"]
[WhiteTeam "HUN"]
[BlackTeam "USA"]
[WhiteClock "0:00:00"]
[BlackClock "0:00:02"]

1. e4 e5 2. Nf3 Nc6 3. Bb5 a6 4. Bxc6 dxc6 5. O-O f6 6. d4 exd4 7. Nxd4 Bd6 8. Be3 Ne7 9. Nd2 O-O 10. Nc4 Bc5 11. Nb3 Bxe3 12. Nxe3 b6 13. Qxd8 Rxd8 14. Rad1 Be6 15. Nd4 Bf7 16. a3 g6 17. Nf3 h6 18. Rxd8+ Rxd8 19. Rd1 Rc8 20. Kf1 c5 21. Ke2 Be6 22. Ne1 Nc6 23. c3 Re8 24. f3 Na5 25. Nd3 Bb3 26. Rd2 f5 27. Nf2 Re7 28. g3 Kf7 29. h4 Nc4 30. Nxc4 Bxc4+ 31. Ke3 a5 32. Rd8 a4 33. Kf4 Be6 34. g4 fxg4 35. Nxg4 Kg7 36. Ne5 Bb3 37. Rd7 Rxd7 38. Nxd7 Kf7 39. Ne5+ Kg7 40. Ng4 Be6 41. Ke5 Bb3 42. Nf6 Kf7 43. f4 c6 44. Ng4 h5 45. Nf2 Ke7 46. Nh1 Bd1 47. Ng3 Bg4 48. f5 g5 49. hxg5 h4 50. Nf1 Kf7 51. Nh2 Be2 52. Kf4 Bd3 53. e5 h3 54. g6+ Ke7 55. Kg5 Bc2 56. f6+ Ke6 57. f7 Ke7 58. Kh6 Kf8 59. Kg5 Kg7 60. e6 Bxg6 61. Kg4 Be4 62. Kxh3 Bf5+ 63. Kg3 Bxe6 64. Kf4 Kxf7 65. Ke5 Ke7 66. Nf3 Bd5 67. Ng5 Kd7 68. Nh7 Ke7 69. Nf6 Be6 70. Ne4 Bg4 71. Ng5 Bd1 72. Ne4 Bb3 73. Nd6 Kd7 74. Ne4 Kc7 75. Nf6 Bc4 76. Ne8+ Kd7 77. Nf6+ Ke7 78. Ne4 Bf1 79. Nd6 Kd7 80. Ne4 Kc7 81. Nf6 Bg2 82. Ne8+ Kd7 83. Nf6+ Kc7 84. Ne8+ Kb7 85. Kd6 Ka6 86. Nc7+ Ka5 87. Ke5 b5 88. Kd6 Kb6 89. Ne6 b4 90. Nxc5 bxa3 91. bxa3 Kb5 92. Nd3 Kc4 93. Nc5 Kb5 94. Nd3 Bh1 95. Nc5 Bd5 96. Nd3 Bb3 97. Nc5 Kc4 0-1

[Event "December 12 Late 2023"]
[Site "https://www.chess.com"]
[Date "2023.12.12"]
[Round "7"]
[White "Holt, Conrad"]
[Black "Solon, Nathan"]
[Result "1-0"]
[Board "28"]
[TimeControl "180+1"]
[WhiteFideId "2034387"]
[BlackFideId "2017229"]
[WhiteElo "2803"]
[BlackElo "2662"]
[WhiteTeam "USA"]
[BlackTeam "USA"]
[WhiteClock "0:01:45"]
[BlackClock "0:00:41"]

1. d4 d5 2. c4 c6 3. Nc3 Nf6 4. e3 e6 5. Bd3 Nbd7 6. cxd5 exd5 7. Nge2 Bd6 8. f3 O-O 9. O-O c5 10. Nf4 Nb6 11. Nb5 Bxf4 12. exf4 c4 13. Bc2 Bd7 14. Nc3 Nc8 15. f5 b5 16. Bg5 Bc6 17. Qd2 b4 18. Ne2 Qd6 19. Bf4 Qd8 20. Qxb4 Nh5 21. Bd2 Nd6 22. g4 Rb8 23. Qa3 Nb5 24. Qc5 Qe8 25. gxh5 Qxe2 26. Rf2 Qe8 27. f6 gxf6 28. Bh6 1-0

[Event "December 12 Late 2023"]
[Site "https://www.chess.com"]
[Date "2023.12.12"]
[Round "7"]
[White "Kadric, Denis"]
[Black "Manukyan, Sargis A."]
[Result "1-0"]
[Board "29"]
[TimeControl "180+1"]
[WhiteFideId "14403803"]
[BlackFideId "13303970"]
[WhiteElo "2801"]
[BlackElo "2643"]
[WhiteTeam "MNE"]
[BlackTeam "ARM"]
[WhiteClock "0:00:09"]
[BlackClock "0:00:00"]

1. e4 c5 2. Nc3 d6 3. f4 Nc6 4. Nf3 g6 5. Bb5 Bd7 6. Bc4 Bg7 7. d3 e6 8. f5 gxf5 9. O-O Nge7 10. Ng5 h6 11. Nxf7 Kxf7 12. exf5 Bd4+ 13. Kh1 Kg7 14. Qg4+ Kh7 15. fxe6 Be8 16. Qh3 Bg7 17. Ne4 Bg6 18. Ng5+ Kg8 19. Nf7 Bxf7 20. exf7+ Kf8 21. c3 d5 22. Bb3 Qc8 23. Qf3 Qe6 24. Bd2 Ne5 25. Qe2 Qg4 26. Qe3 c4 27. Bd1 Qg6 28. d4 Nd3 29. Bc2 Rd8 30. Rae1 Qd6 31. Bxd3 cxd3 32. Qxd3 Rd7 33. Rf3 h5 34. Bg5 h4 35. h3 Rh5 36. Qe3 Rxg5 37. Qxg5 Qh6 38. Qg4 Qd6 39. Re6 Qc7 40. Qxh4 Rd8 41. Ree3 Ng6 42. Qg5 Qd7 43. Qxg6 1-0

[Event "December 12 Late 2023"]
[Site "https://www.chess.com"]
[Date "2023.12.12"]
[Round "7"]
[White "Gubajdullin, Alexei"]
[Black "Volodin, Aleksandr"]
[Result "0-1"]
[Board "30"]
[TimeControl "180+1"]
[WhiteFideId "4141202"]
[BlackFideId "4501950"]
[WhiteElo "2639"]
[BlackElo "2796"]
[WhiteTeam "RUS"]
[BlackTeam "EST"]
[WhiteClock "0:00:38"]
[BlackClock "0:00:11"]

1. e4 c5 2. Nf3 d6 3. Nc3 a6 4. g3 b5 5. Bg2 Bb7 6. d3 e6 7. O-O Nd7 8. Ng5 Be7 9. Nh3 Ngf6 10. f4 Qc7 11. Nf2 b4 12. Ne2 a5 13. g4 h6 14. h4 Nf8 15. g5 hxg5 16. hxg5 Nh5 17. a3 Ng6 18. Be3 d5 19. Ng4 dxe4 20. dxe4 Rd8 21. Qe1 Bc6 22. Qf2 Qb7 23. axb4 axb4 24. f5 exf5 25. e5 Bxg2 26. Qxf5 Bxf1 27. Rxf1 O-O 28. e6 Qd5 29. exf7+ Qxf7 30. Nf6+ Nxf6 31. Qh3 Rfe8 32. Ng3 Rd5 33. Qg2 Re5 34. Bc1 c4 35. Qc6 Bc5+ 36. Kh2 Qe6 37. Qb5 Ng4+ 38. Kh1 Qd5+ 0-1

[Event "December 12 Late 2023"]
[Site "https://www.chess.com"]
[Date "2023.12.12"]
[Round "7"]
[White "Brodsky, David"]
[Black "Omelja, Artem"]
[Result "1-0"]
[Board "31"]
[TimeControl "180+1"]
[WhiteFideId "2073250"]
[BlackFideId "14119846"]
[WhiteElo "2795"]
[BlackElo "2628"]
[WhiteTeam "USA"]
[BlackTeam "UKR"]
[WhiteClock "0:00:50"]
[BlackClock "0:01:20"]

1. e4 c5 2. Nf3 Nc6 3. d4 cxd4 4. Nxd4 Nf6 5. Nc3 e5 6. Ndb5 d6 7. Bg5 a6 8. Na3 b5 9. Nab1 Be7 10. Bxf6 Bxf6 11. a4 b4 12. Nd5 Bg5 13. Bc4 Be6 14. O-O O-O 15. Qd3 Qa5 16. Nd2 Bxd2 17. Qxd2 Bxd5 18. Bxd5 Rac8 19. f4 Nd4 20. fxe5 dxe5 21. Rac1 Qc5 22. Kh1 a5 23. c3 Ne6 24. cxb4 Qxb4 25. Qxb4 axb4 26. a5 Nc5 27. a6 Nxa6 28. Rxc8 Rxc8 29. Bb7 Rc2 30. Bxa6 Kf8 31. b3 Ke7 32. Bc4 f6 33. Rd1 g6 34. Kg1 f5 35. exf5 gxf5 36. Bd3 Rc3 37. Bxf5 Rxb3 38. Bxh7 Rb2 39. Rb1 1-0

[Event "December 12 Late 2023"]
[Site "https://www.chess.com"]
[Date "2023.12.12"]
[Round "7"]
[White "Ghasi, Ameet K"]
[Black "Ambartsumova, Karina"]
[Result "1-0"]
[Board "32"]
[TimeControl "180+1"]
[WhiteFideId "409200"]
[BlackFideId "4166299"]
[WhiteElo "2792"]
[BlackElo "2626"]
[WhiteTeam "ENG"]
[BlackTeam "RUS"]
[WhiteClock "0:00:05"]
[BlackClock "0:00:00"]

1. b3 e5 2. Bb2 Nc6 3. e3 g6 4. c4 Bg7 5. a3 Nge7 6. b4 a6 7. Nf3 d6 8. Nc3 O-O 9. Be2 h6 10. d3 Be6 11. O-O Qd7 12. Rc1 a5 13. b5 Nd8 14. d4 f6 15. a4 c6 16. Ba3 Nf7 17. Qc2 Bf5 18. Qb3 Bg4 19. Rfd1 Rad8 20. dxe5 fxe5 21. Ne4 Qe6 22. bxc6 bxc6 23. Qb6 d5 24. cxd5 Nxd5 25. Qxa5 Rfe8 26. Qe1 Ra8 27. a5 Red8 28. h3 Bxf3 29. Bxf3 h5 30. a6 Qe8 31. Be2 Kh7 32. Rc2 Bh6 33. Rdc1 Rdc8 34. Bc4 Kg7 35. Qe2 Ng5 36. Nd6 Qd7 37. Nxc8 Rxc8 38. Bb2 Kf6 39. f4 Nf7 40. Rd1 Qe6 41. Rcd2 Ke7 42. Bxd5 cxd5 43. Rxd5 exf4 44. e4 Ra8 45. Rd7+ Ke8 46. a7 f3 47. Qxf3 Ne5 48. Qe2 Nxd7 49. Qb5 Bf8 50. Rd5 Be7 51. Bd4 Bd8 52. Be3 Qxe4 53. Qxd7+ Kf8 54. Qxd8+ Kg7 55. Qd7+ Kh8 56. Rd3 Rxa7 57. Bd4+ 1-0

[Event "December 12 Late 2023"]
[Site "https://www.chess.com"]
[Date "2023.12.12"]
[Round "7"]
[White "Golubev, Mikhail"]
[Black "Yuan, Qingyu"]
[Result "0-1"]
[Board "33"]
[TimeControl "180+1"]
[WhiteFideId "14100983"]
[BlackFideId "8609772"]
[WhiteElo "2625"]
[BlackElo "2782"]
[WhiteTeam "UKR"]
[BlackTeam "CHN"]
[WhiteClock "0:00:04"]
[BlackClock "0:00:16"]

1. e4 e5 2. Nf3 Nc6 3. Bc4 Bc5 4. c3 Nf6 5. d4 exd4 6. cxd4 Bb4+ 7. Nbd2 Nxe4 8. d5 Ne7 9. O-O Nxd2 10. Nxd2 O-O 11. Ne4 d6 12. Qb3 Bc5 13. Bg5 Bb6 14. Nf6+ gxf6 15. Bxf6 Qd7 16. Bb5 c6 17. dxc6 bxc6 18. Bxc6 Nxc6 19. Qd5 Qf5 20. Qxc6 Qxf6 21. Qxa8 Ba6 22. Qd5 Bxf1 23. Rxf1 Qxb2 24. Qxd6 Qxa2 25. h4 f6 26. Qf4 Qf7 27. Rd1 Rd8 28. Rc1 Qg6 29. Rc3 Kh8 30. Rg3 Qf7 31. Kh2 Bc7 0-1

[Event "December 12 Late 2023"]
[Site "https://www.chess.com"]
[Date "2023.12.12"]
[Round "7"]
[White "Olsen, Filip Boe"]
[Black "Troff, Kayden"]
[Result "0-1"]
[Board "34"]
[TimeControl "180+1"]
[WhiteFideId "1440640"]
[BlackFideId "2047896"]
[WhiteElo "2619"]
[BlackElo "2779"]
[WhiteTeam "DEN"]
[BlackTeam "USA"]
[WhiteClock "0:00:15"]
[BlackClock "0:00:10"]

1. Nf3 Nf6 2. b3 g6 3. Bb2 Bg7 4. c4 O-O 5. e3 e6 6. Be2 d5 7. O-O b6 8. Nc3 Bb7 9. Rc1 dxc4 10. Bxc4 c5 11. d4 cxd4 12. Nxd4 Nc6 13. Ncb5 Nxd4 14. Qxd4 a6 15. Nd6 Bd5 16. Bxd5 exd5 17. Nb7 Qe7 18. Qxb6 Nd7 19. Ba3 Qxa3 20. Qc7 Ne5 21. Rfd1 Qxa2 22. h3 Qxb3 23. Nc5 Qb8 24. Qa5 Nc4 25. Qa2 Qb2 26. Qa4 Qb5 27. Qc2 Qxc5 28. e4 Rac8 29. exd5 Rfd8 30. d6 Rxd6 31. Re1 Rdd8 32. Qe2 Bd4 33. Qf3 Qf5 34. Qg3 Ne5 35. Rcd1 Nd3 36. Re2 Nxf2 37. Rxd4 Rc1+ 38. Kh2 Rh1# 0-1

[Event "December 12 Late 2023"]
[Site "https://www.chess.com"]
[Date "2023.12.12"]
[Round "7"]
[White "Matinian, Nikita"]
[Black "Rojas Alarcon, Julian Antonio"]
[Result "0-1"]
[Board "35"]
[TimeControl "180+1"]
[WhiteFideId "24129100"]
[BlackFideId "5107407"]
[WhiteElo "2773"]
[BlackElo "2618"]
[WhiteTeam "FID"]
[BlackTeam "MEX"]
[WhiteClock "0:00:01"]
[BlackClock "0:00:24"]

1. e4 c5 2. Nf3 d6 3. d4 cxd4 4. Nxd4 Nf6 5. Nc3 g6 6. Be3 Bg7 7. f3 O-O 8. Qd2 Nc6 9. O-O-O d5 10. exd5 Nxd5 11. Nxc6 bxc6 12. Bd4 Bxd4 13. Qxd4 Qb6 14. Na4 Qc7 15. h4 Rb8 16. a3 h5 17. Bc4 Qf4+ 18. Qxf4 Nxf4 19. g3 Be6 20. Bxe6 Nxe6 21. Rhe1 Rfd8 22. c3 Kg7 23. b4 Kf6 24. Nb2 Nc7 25. Nc4 Nd5 26. Kc2 Rbc8 27. Na5 c5 28. Nb7 cxb4 29. Nxd8 Nxc3 30. Rd7 bxa3 31. Kb3 a2 32. Rdxe7 Rxd8 33. Rxa7 Rd3 34. Kc4 Rxf3 35. Ree7 Kg7 36. Reb7 Ne4 37. Kd5 Nc3+ 38. Kd4 Rf1 39. Kxc3 a1=Q+ 40. Rxa1 Rxa1 41. Rb3 Rd1 42. Kc2 Rd5 43. Rf3 Rd7 44. Re3 Kf6 45. Rf3+ Ke5 46. Rf4 f6 47. Kc3 g5 48. hxg5 fxg5 49. Ra4 Kf5 50. Kc2 Rh7 51. Kd2 h4 52. gxh4 gxh4 53. Ke2 h3 54. Ra1 h2 55. Rh1 Kg4 56. Kf2 Kh3 57. Ra1 Rf7+ 58. Ke3 Kg2 59. Ra2+ Kg1 60. Ra1+ Rf1 61. Ra7 h1=Q 62. Rg7+ Qg2 0-1